 Dungeon Crawl Stone Soup version 0.21.1-1-g345015f (webtiles) character file.

85 letownia2 the Magician (level 4, -3/32 HPs)
             Began as a Merfolk Wizard on Mar 10, 2018.
             Slain by a phantom (6 damage)
             ... on level 4 of the Dungeon.
             The game lasted 00:08:01 (1167 turns).

letownia2 the Magician (Merfolk Wizard)             Turns: 1167, Time: 00:08:02

Health: -3/32      AC:  2    Str:  8    XL:     4   Next: 48%
Magic:  1/8        EV: 13    Int: 17    God:
Gold:   61         SH:  0    Dex: 12    Spells: 0/9 levels left

rFire    . . .     SeeInvis .   e - +0 dagger
rCold    . . .     Gourm    .   (no shield)
rNeg     . . .     Faith    .   a - +0 robe
rPois    .         Spirit   .   b - +0 hat
rElec    .         Reflect  .   (no cloak)
rCorr    .         Harm     .   (no gloves)
MR       .....                  (no boots)
Stlth    +.........             (no amulet)
HPRegen  0.10/turn              h - ring of wizardry
MPRegen  0.11/turn              (no ring)

@: confused, about to teleport, very slightly contaminated
A: change form in water, swift swim, stealthy swim
a: no special abilities


You were on level 4 of the Dungeon.
You were very hungry.

You visited 1 branch of the dungeon, and saw 4 of its levels.

You collected 61 gold pieces.

Inventory:

Hand Weapons
 e - a +0 dagger (weapon)
Armour
 a - a +0 robe (worn)
 b - a +0 hat (worn)
Jewellery
 h - a ring of wizardry (left hand)
Books
 c - a book of Minor Magic

   Spells                             Type                      Level
   a - Magic Dart                     Conjuration                  1
   b - Blink                          Translocation                2
   c - Call Imp                       Summoning                    2
   d - Slow                           Hexes                        2
   e - Conjure Flame                  Conjuration/Fire             3
   f - Mephitic Cloud                 Conjuration/Poison/Air       3
 m - a book of Cantrips

   Spells                             Type                      Level
   a - Confusing Touch                Hexes                        1
   b - Animate Skeleton               Necromancy                   1
   c - Summon Small Mammal            Summoning                    1
   d - Apportation                    Translocation                1
Comestibles
 d - 3 rations


   Skills:
 + Level 1.0 Fighting
 - Level 2.6 Dodging
 - Level 2.1 Stealth
 - Level 3.0 Spellcasting
 - Level 2.1 Conjurations
 - Level 1.1 Summonings
   Level 0.7 Translocations
 + Level 0.3 Fire Magic
 - Level 1.2 Air Magic
 - Level 1.7 Poison Magic


You couldn't memorise any spells.
You knew the following spells:

 Your Spells              Type           Power        Failure   Level  Hunger
a - Magic Dart            Conj           #...         2%          1    None
c - Conjure Flame         Conj/Fire      #.......     12%         3    ###....
e - Mephitic Cloud        Conj/Pois/Air  #.......     11%         3    ###....
i - Call Imp              Summ           #.......     6%          2    ##.....


Dungeon Overview and Level Annotations

Branches:
Dungeon (4/15)
 Temple: D:4-7

Altars:


Message History

You feel strangely unstable.
It was a scroll of teleportation.
The phantom closely misses you. The orc barely misses you.
The orc wizard mumbles some strange words.
The orc wizard flickers and vanishes!
Deactivating autopickup; reactivate with Ctrl-A.
As you read the scroll labeled BAUSEY IMU OHY, it crumbles to dust.
It is a scroll of amnesia.
Okay, then.
The phantom hits you but does no damage.
The orc hits you with a dagger of freezing.
* * * LOW HITPOINT WARNING * * *
The orc freezes you.
* * * LOW HITPOINT WARNING * * *
You hear some strange, mumbled words.
You are confused.
A worm comes into view.
Unknown command.
Unknown command.
The phantom hits you.
You die...

#.#### #.# #.#.#
.....#######.# #...#
#.##.#.......# #.###
#.##.#.......######.#
#...................#
####.#.......########
####.#.......#
########...
.....#.......#
#{o......o.
.#######...###
#@#####...# .# #...# #W#
##...# .# #...#
##.##...... .. #...#
#..w....... ..# #...#
#.a##.##... #.# #...#
#.........
#.######...####..##.##..
........รท......# .. ..
......................


You could see a phantom, a worm, a worker ant (confused) and an orc.

Vanquished Creatures
  A hound (D:4)
  2 adders
  A worm (D:4)
  2 leopard geckos
  2 bats
  A giant cockroach (D:1)
  2 goblins (D:2)
  3 hobgoblins
  A quokka (D:2)
  3 ball pythons
  A ball python skeleton (D:4)
  5 frilled lizards
  2 kobolds
  3 rats
29 creatures vanquished.

Vanquished Creatures (collateral kills)
  An adder (D:2)
  A rat (D:2)
2 creatures vanquished.

Grand Total: 31 creatures vanquished

Notes
Turn   | Place    | Note
-------+----------+-------------------------------------------
     0 | D:1      | letownia2 the Merfolk Wizard began the quest for the Orb.
     0 | D:1      | Reached XP level 1. HP: 13/13 MP: 4/4
    30 | D:1      | Reached skill level 1 in Conjurations
   111 | D:2      | Reached XP level 2. HP: 19/19 MP: 0/6
   125 | D:1      | Learned a level 2 spell: Call Imp
   329 | D:2      | Reached XP level 3. HP: 20/25 MP: 1/7
   334 | D:2      | Learned a level 3 spell: Mephitic Cloud
   520 | D:2      | You fall through a shaft for 2 floors!
   591 | D:4      | Reached skill level 1 in Air Magic
   591 | D:4      | Reached skill level 1 in Poison Magic
   591 | D:4      | Reached XP level 4. HP: 13/31 MP: 1/8
   597 | D:4      | Learned a level 3 spell: Conjure Flame
  1145 | D:4      | Reached skill level 1 in Fighting
  1162 | D:4      | Noticed a phantom
  1167 | D:4      | Slain by a phantom

Skill      XL: |  1  2  3  4 |
---------------+-------------+-----
Conjurations   | 1 2 |  2.1
Air Magic      | 1 |  1.2
Poison Magic   | 1 |  1.7
Fighting       | 1 |  1.0
Dodging        | |  2.6
Stealth        | |  2.1
Spellcasting   | |  3.0
Summonings     | |  1.1
Translocations | |  0.7
Fire Magic     | |  0.3

Action                   |  1- 3 |  4- 6 || total
-------------------------+-------+-------++-------
Melee: Dagger            |    54 |    43 ||    97
 Cast: Magic Dart        |    43 |    24 ||    67
       Call Imp          |     3 |       ||     3
       Mephitic Cloud    |     3 |     8 ||    11
       Conjure Flame     |       |     3 ||     3
  Use: Scroll            |       |     3 ||     3
       Potion            |       |     2 ||     2
 Stab: Sleeping          |     2 |       ||     2
       Confused          |     1 |       ||     1
       Invisible         |       |     1 ||     1
  Eat: Chunk             |       |     1 ||     1
Armor: Robe              |    13 |     7 ||    20
Dodge: Dodged            |    42 |    25 ||    67
